 Dungeon Crawl Stone Soup version 0.26-b1-32-g5d43845318 (webtiles) character file.

Game seed: 14102280755483248354

77 DildoBatman the Conjurer (level 4, 0/30 HPs)
             Began as a Formicid Conjurer on Jan 5, 2021.
             Slain by a quasit (2 damage)
             ... on level 5 of the Dungeon.
             The game lasted 00:04:07 (1711 turns).

DildoBatman the Conjurer (Formicid Conjurer)        Turns: 1711, Time: 00:04:07

Health: 0/30       AC:  6    Str: 12      XL:     4   Next: 60%
Magic:  6/7        EV: 12    Int: 18      God:
Gold:   93         SH:  0    Dex:  8 (9)  Spells: 4/7 levels left

rFire    . . .     SeeInvis +   a - +0 dagger (venom)
rCold    . . .     Faith    .   (no shield)
rNeg     . . .     Spirit   .   c - +0 robe
rPois    .         Reflect  .   (helmet unavailable)
rElec    .         Harm     .   (no cloak)
rCorr    .         Rampage  .   (no gloves)
Will     .....                  (no boots)
Stlth    ++........             o - amulet of inaccuracy (curse)
HPRegen  0.10/turn              m - +4 ring of protection
MPRegen  0.10/turn              (no ring)

@: no status effects
A: permanent stasis, dig shafts and tunnels, four strong arms, antennae 3
a: Dig, Shaft Self


You were on level 5 of the Dungeon.
You visited 1 branch of the dungeon, and saw 4 of its levels.

You collected 93 gold pieces.

Inventory:

Hand Weapons
 a - a +0 dagger of venom (weapon)
Missiles
 b - 15 sling bullets
 e - 36 arrows
 k - 34 stones
Armour
 c - a +0 robe (worn)
Jewellery
 m - a +4 ring of protection (left hand)
 o - a cursed amulet of inaccuracy (around neck)
 p - an uncursed ring of ice
Wands
 n - a wand of enslavement (9)
Scrolls
 d - a scroll of random uselessness {unknown}
 f - 5 scrolls of identify {unknown}
 g - 2 scrolls of enchant armour {unknown}
 j - a scroll of blinking {unknown}
Potions
 h - 2 potions of curing {unknown}
 i - a potion of degeneration {unknown}
 l - a potion of berserk rage {unknown}


   Skills:
 - Level 1.7 Dodging
 - Level 2.4 Stealth
 - Level 2.1 Spellcasting
 * Level 5.2 Conjurations


You had 4 spell levels left.
You knew the following spells:

 Your Spells              Type           Power        Failure   Level
a - Searing Ray           Conj           40%          3%          2
c - Magic Dart            Conj           80%          1%          1

Your spell library contained the following spells:

 Spells                   Type           Power        Failure   Level
 Dazzling Flash           Conj/Hex       22%          19%         3
 Fulminant Prism          Conj/Hex       5%           52%         4
 Iskenderun's Mystic Bla  Conj/Tloc      11%          52%         4


Dungeon Overview and Level Annotations

Branches:
Dungeon (3/15)

Altars:
Cheibriados

Annotations:
D:2 exclusions: ice beast and sensed monster (detected)


Innate Abilities, Weirdness & Mutations

You cannot be hasted, slowed, berserked, paralysed or teleported.
You can dig through walls and to a lower floor.
Your four strong arms can wield two-handed weapons with a shield.
You have a pair of large antennae on your head. (SInv)


Message History

The quasit closely misses you. The adder closely misses you.
The jackal bites you but does no damage. x2
The white imp shouts, "Bolt, thou rough-hewn shard-borne bloater!"
The white imp barely misses you. What are your orders? t - Shout!
Orders for allies: a - Attack new target. r - Retreat! s - Stop attacking. g - Guard the area. f - Follow me.
Anything else - Cancel.
You shout for attention!
The quasit barely misses you. The quasit completely misses you.
The quasit closely misses you. The adder bites you but does no damage.
The jackal barely misses you. The jackal bites you. The quasit bites you.
You die...

./. #.# # #.#.#
. #.#.# ...
##.#.#
....##.Y..#####
......5S5/.....
#h@..# ##h#?#
#s# # #Z# ..#
###


You could see an ice beast, a scorpion, a quasit, an adder, a white imp, a
bullfrog zombie and 2 jackals.

Vanquished Creatures
  An orc wizard (D:3)
  2 worms
  A dart slug (D:1)
  An orc (D:3)
  2 giant cockroaches
  A goblin (D:1)
  6 hobgoblins
  6 jackals (D:2)
  A quokka (D:2)
  4 bats
  3 frilled lizards
  7 kobolds
  4 rats
39 creatures vanquished.

Notes
Turn   | Place    | Note
-------+----------+-------------------------------------------
     0 | D:1      | DildoBatman the Formicid Conjurer began the quest for the
                  | Orb.
     0 | D:1      | Reached XP level 1. HP: 13/13 MP: 3/3
   307 | D:1      | Reached XP level 2. HP: 19/19 MP: 3/5
   328 | D:1      | Found a snail-covered altar of Cheibriados.
   331 | D:1      | Reached skill level 4 in Conjurations
   399 | D:1      | Learned a level 2 spell: Searing Ray
   911 | D:2      | Reached XP level 3. HP: 24/24 MP: 1/6
  1092 | D:2      | Noticed an ice beast
  1386 | D:2      | Found a snail-covered altar of Cheibriados.
  1685 | D:3      | Reached skill level 5 in Conjurations
  1685 | D:3      | Reached XP level 4. HP: 22/30 MP: 3/7
  1691 | D:3      | You fall into a shaft and drop 2 floors!
  1691 | D:5      | Entered Level 5 of the Dungeon
  1702 | D:5      | Noticed an ice beast
  1711 | D:5      | Slain by a quasit

Illustrated notes

Levels and vault maps discovered:
D:1:      dpeg_arrival_pits, layout_loops_cross, cheibriados_altar_1
D:2:      layout_basic, nicolae_overflow_crystal_walls
D:3:      layout_rooms, fedhas_altar_fruit_tree
D:5:      layout_loops_ring, grunt_gozag_statues, kennysheep_generic_room_11

Skill      XL: |  1  2  3 |
---------------+----------+-----
Conjurations   | 4 5 |  5.2
Dodging        | |  1.7
Stealth        | |  2.4
Spellcasting   | |  2.1

Action                   |  1- 3 |  4- 6 || total
-------------------------+-------+-------++-------
Melee: Club              |     9 |       ||     9
       Unarmed           |     1 |       ||     1
       Whip              |    31 |       ||    31
       Dagger            |    30 |     2 ||    32
 Cast: Magic Dart        |    64 |       ||    64
 Abil: Dig               |     3 |       ||     3
       Shaft Self        |       |     1 ||     1
  Use: Scroll            |     1 |       ||     1
Armor: Robe              |    21 |    35 ||    56
Dodge: Dodged            |    52 |    81 ||   133
